 Dungeon Sprint DCSS version 0.30-a0-719-gcc4359ea44 (webtiles) character file.

Game seed: 17285310231066209419

554 BigDaddyOpFi the Fighter (level 7, -4/93 HPs)
             Began as a Demonspawn Fighter on Jan 26, 2023.
             Was a Follower of Jiyva.
             Slain by an orc knight
             ... wielding a +0 broad axe
              (10 damage)
             ... in the Dungeon (Sprint VII: "The Pits").
             The game lasted 00:01:44 (760 turns).

BigDaddyOpFi the Fighter (Demonspawn Fighter)        Turns: 760, Time: 00:01:45

Health: -4/93      AC: 15    Str: 18      XL:     7   Next: 8%
Magic:  7/7        EV:  5    Int: 10      God:    Jiyva [*.....]
Gold:   0          SH:  5    Dex: 11 (12) Spells: 6/6 levels left

rFire   . . .      SeeInvis .    a - +0 war axe
rCold   . . .      Faith    .    c - +0 buckler
rNeg    . . .      Spirit   .    k - +2 plate armour
rPois   .          Reflect  .    (no helmet)
rElec   .          Harm     .    (no cloak)
rCorr   .          Rampage  .    (no gloves)
Will    .....      NoTele   +    (no boots) Stlth
                                 (no amulet)
HPRegen 1.15/turn                (no ring)
MPRegen 0.35/turn                (no ring)

@: berserking (expiring), very quick
A: ignite blood 1, spiny 1, demonic touch 2
a: Renounce Religion


You were in the Dungeon.
You worshipped Jiyva.
Jiyva was aware of your devotion.
You visited 1 branch

Inventory:

Hand Weapons
 a - a +0 war axe (weapon)
Armour
 b - a +0 scale mail
 c - a +0 buckler (worn)
 k - a +2 plate armour (worn)
Scrolls
 j - a scroll of blinking
Potions
 d - a potion of might
 e - 6 potions of curing
 g - a potion of haste
 h - 4 potions of magic
 i - 2 potions of invisibility
 l - 5 potions of heal wounds


   Skills:
 + Level 8.2 Fighting
 + Level 7.2 Axes
 + Level 7.5 Armour
 + Level 7.5 Shields


You had 6 spell levels left.
You didn't know any spells.
Your spell library was empty.

Dungeon Overview and Level Annotations

Branches:
Dungeon (1/1)

Altars:
Ashenzari
Cheibriados
Dithmenos
Fedhas
Gozag
Hepliaklqana
Kikubaaqudgha
Makhleb
Nemelex Xobeh
Okawaru
Qazlal
Ru
Sif Muna
Trog
Uskayaw
Vehumet
Wu Jian
Xom
Yredelemnul
Jiyva
Lugonu

Annotations:
D Crazy Yiuf


Innate Abilities, Weirdness & Mutations

Your demonic aura sometimes causes spilled blood to erupt in flames.
You are partially covered in sharp spines.
Your touch may inflict irresistible damage on your foes.


Message History

The elephant is lightly wounded.
You closely miss the orc knight. You barely miss the orc warrior.
You block the elephant's attack. The elephant trunk-slaps you.
The orc warrior hits you with a +0 long sword!
The orc knight hits you with a +0 broad axe.
You slash the elephant!
The elephant is moderately wounded.
You hit the orc knight. You closely miss the orc warrior. You hit the elephant.
The elephant is moderately wounded.
You closely miss the orc knight. You closely miss the orc warrior.
The elephant tramples you but does no damage.
You block the elephant's attack.
The orc knight hits you with a +0 broad axe!
The orc warrior hits you with a +0 long sword!
* * * LOW HITPOINT WARNING * * *
You closely miss the orc knight.
The orc knight is lightly wounded.
You slash the elephant! You slash the orc warrior!
The orc warrior hits you with a +0 long sword!
* * * LOW HITPOINT WARNING * * *
The elephant is struck by your spines.
The elephant tramples you but does no damage.
The elephant trunk-slaps you but does no damage.
The orc knight is engulfed in blazing flames.
The orc knight hits you with a +0 broad axe!
* * * LOW HITPOINT WARNING * * *
The orc warrior is engulfed in blazing flames.
You block the orc warrior's attack.
You are too berserk!
You slash the elephant!
The elephant is severely wounded.
You hit the orc knight. You slash the orc warrior!
The elephant tramples you but does no damage.
The elephant trunk-slaps you but does no damage.
The orc warrior is engulfed in blazing flames.
The orc warrior hits you but does no damage.
The orc knight is engulfed in blazing flames.
The orc knight hits you with a +0 broad axe!
You die...

#.####)##'###...<...#
#.#........##.......#
#.#........##.......#
#'###########.......#
#)).....#..##########
#))#.#..#.## ###
#.##.##.#.# ...#
#.......#o#g...#
#.##.##.#@Yoo..+
#..#.#..#o#o...#
#.......).# ...#
########### ###


You could see an elephant, an orc knight, 2 orc warriors, Crazy Yiuf, an orc
priest (strong) and an orc (strong).

Vanquished Creatures
  An orc warrior (D)
  A swamp drake (D)
  A black bear (D)
  A necrophage (D)
  A scorpion (D)
  A quasit (D)
  A gnoll bouda (D)
  2 adders (D)
  6 gnolls (D)
  A river rat (D)
  2 orcs (D)
  A ball python (D)
  2 hobgoblins (D)
  3 jackals (D)
  A quokka (D)
  A kobold (D)
26 creatures vanquished.

Vanquished Creatures (others)
  A pandemonium lord (D)
  An ancient lich (D)
  An orb of fire (D)
  A Killer Klown (D)
  A Brimstone Fiend (D)
  Nikola (D)
  A Tzitzimitl (D)
  3 Hell Sentinels (D)
  A deep elf blademaster (D)
  3 acid blobs (D)
  A deep elf master archer (D)
  A shadow dragon (D)
  A fire giant (D)
  9 rockslimes (D)
  An iron dragon (D)
  An angel (D)
  A reaper (D)
  2 cacodemons (D)
  An ophan (D)
  6 quicksilver oozes (D)
  A white draconian (D)
  A centaur warrior (D)
  An iron elemental (D)
  An eye of devastation (D)
  A dream sheep (D)
  5 slime creatures (D)
  A golden eye (D)
  A neqoxec (D)
  12 jellies (D)
  2 quokka simulacra (D)
  2 fire vortices (D)
66 creatures vanquished.

Grand Total: 92 creatures vanquished

Notes
Turn   | Place    | Note
-------+----------+-------------------------------------------
     0 | D        | BigDaddyOpFi the Demonspawn Fighter began the quest for the
                  | Orb.
     0 | D        | Reached XP level 1. HP: 18/18 MP: 1/1
     8 | D        | Noticed a scorpion
    16 | D        | Killed a scorpion
    17 | D        | Reached skill level 4 in Fighting
    17 | D        | Gained mutation: Your touch may inflict minor irresistible
                  | damage on your foes. [demonic ancestry]
    17 | D        | Reached XP level 2. HP: 20/26 MP: 2/2
    17 | D        | Gained mutation: Your touch may inflict irresistible damage
                  | on your foes. [demonic ancestry]
    17 | D        | Reached XP level 3. HP: 23/31 MP: 3/3
   196 | D        | Found a bloodstained altar of Trog.
   196 | D        | Found a shimmering blue altar of Sif Muna.
   196 | D        | Found a viscous altar of Jiyva.
   196 | D        | Found a hazy altar of Hepliaklqana.
   196 | D        | Found an opulent altar of Gozag.
   197 | D        | Found a basalt altar of Yredelemnul.
   197 | D        | Found a shimmering altar of Xom.
   197 | D        | Found an ornate altar of the Wu Jian Council.
   197 | D        | Found a sacrificial altar of Ru.
   197 | D        | Found a stormy altar of Qazlal.
   197 | D        | Found an iron altar of Okawaru.
   197 | D        | Found a sparkling altar of Nemelex Xobeh.
   197 | D        | Found a burning altar of Makhleb.
   197 | D        | Found a blossoming altar of Fedhas.
   197 | D        | Found a shadowy altar of Dithmenos.
   197 | D        | Found a snail-covered altar of Cheibriados.
   198 | D        | Found a radiant altar of Vehumet.
   198 | D        | Found a corrupted altar of Lugonu.
   199 | D        | Found an ancient bone altar of Kikubaaqudgha.
   199 | D        | Found a hide-covered altar of Uskayaw.
   199 | D        | Found a broken altar of Ashenzari.
   220 | D        | Became a worshipper of Jiyva Jaeqi the Shapeless
   221 | D        | Killed a centaur warrior
   222 | D        | Killed a slime creature
   224 | D        | Killed a slime creature
   224 | D        | Killed a slime creature
   225 | D        | Killed a slime creature
   225 | D        | Killed a dream sheep
   226 | D        | Killed a slime creature
   227 | D        | Killed a neqoxec
   229 | D        | Killed a reaper
   229 | D        | Killed an acid blob
   230 | D        | Killed an iron elemental
   230 | D        | Killed an eye of devastation
   233 | D        | Killed a rockslime
   233 | D        | Killed a rockslime
   234 | D        | Killed a Tzitzimitl
   238 | D        | Killed an angel
   249 | D        | Killed a Killer Klown
   251 | D        | Killed a fire giant
   254 | D        | Gained mutation: You are partially covered in sharp spines.
                  | [demonic ancestry]
   254 | D        | Reached XP level 4. HP: 27/38 MP: 4/4
   256 | D        | Killed an acid blob
   256 | D        | Killed a quicksilver ooze
   256 | D        | Killed a quicksilver ooze
   256 | D        | Killed a quicksilver ooze
   256 | D        | Killed a rockslime
   256 | D        | Killed an acid blob
   260 | D        | Reached skill level 5 in Fighting
   262 | D        | Killed a cacodemon
   264 | D        | Killed Tityweogh the pandemonium lord
   268 | D        | Killed an ophan
   273 | D        | Killed a deep elf master archer
   280 | D        | Killed a quicksilver ooze
   298 | D        | Killed an orb of fire
   301 | D        | Killed a rockslime
   307 | D        | Killed a cacodemon
   320 | D        | Killed a rockslime
   325 | D        | Killed a rockslime
   334 | D        | Killed an ancient lich
   371 | D        | Killed a quicksilver ooze
   375 | D        | Killed a Hell Sentinel
   489 | D        | Reached * piety under Jiyva
   494 | D        | Killed a rockslime
   503 | D        | Noticed a black bear
   509 | D        | Reached skill level 5 in Armour
   509 | D        | Reached skill level 5 in Shields
   510 | D        | Gained mutation: Your demonic aura sometimes causes spilled
                  | blood to erupt in flames. [demonic ancestry]
   510 | D        | Reached XP level 5. HP: 46/46 MP: 5/5
   513 | D        | Reached skill level 5 in Axes
   515 | D        | Reached skill level 6 in Fighting
   518 | D        | Killed a black bear
   521 | D        | Killed a rockslime
   522 | D        | Killed a deep elf blademaster
   526 | D        | Reached XP level 6. HP: 36/53 MP: 6/6
   609 | D        | Killed an iron dragon
   615 | D        | Noticed an orc warrior
   623 | D        | Killed an orc warrior
   624 | D        | Reached skill level 7 in Fighting
   694 | D        | Noticed a swamp drake
   696 | D        | Killed a swamp drake
   704 | D        | Reached skill level 8 in Fighting
   704 | D        | Reached XP level 7. HP: 62/62 MP: 7/7
   709 | D        | Killed a golden eye
   744 | D        | Killed Nikola
   746 | D        | Killed a shadow dragon
   750 | D        | Noticed Crazy Yiuf
   750 | D        | Noticed an elephant
   750 | D        | Noticed an orc knight
   750 | D        | Killed a white draconian
   751 | D        | Killed a rockslime
   751 | D        | Killed a Hell Sentinel
   752 | D        | Killed a quicksilver ooze
   752 | D        | Killed a Hell Sentinel
   756 | D        | Killed a Brimstone Fiend
   760 | D        | Slain by an orc knight

Illustrated notes

Levels and vault maps discovered:
D:        pitsprint [storerooms_1, entrance_room_1, metal_vault_1, armoury_3,
          mini_pit_1, grid_room_1, main_hall_1, silver_pit, the_coven_2,
          the_vestibule_1, steel_vault_4, golden_pit, hallway_of_sentries,
          crystal_vault_1, iron_vault_3, final_vault]

Skill      XL: |  1  2  3  4  5  6 |
---------------+-------------------+-----
Fighting       | 4 5 6 8 |  8.2
Axes           | 3 4 5 7 |  7.2
Armour         | 4 5 6 7 |  7.5
Shields        | 4 5 6 7 |  7.5

Action                     |  1- 3 |  4- 6 |  7- 9 || total
---------------------------+-------+-------+-------++-------
  Melee: War axe           |     8 |    48 |    18 ||    74
    Use: Potion            |     3 |       |     1 ||     4
 Armour: Scale mail        |     3 |     3 |       ||     6
         Plate armour      |       |    23 |    24 ||    47
  Dodge: Dodged            |     4 |    13 |    12 ||    29
  Block: Buckler           |     2 |    19 |     7 ||    28

Table legend: (Time is in decaauts)
 A = Elapsed time spent in this place.
 B = Non-inter-level travel time spent in this place.
 C = Inter-level travel time spent in this place.
 D = Time resting spent in this place.
 E = Time spent auto-exploring this place.
 F = Levels seen in this place.
 G = Mean time per level.
                   A        B        C        D        E       F      G
               +--------+--------+--------+--------+--------+-----+--------+
         Total |    788 |    769 |     19 |    527 |      0 |   1 |  788.0 |
       Dungeon |    788 |    769 |     19 |    527 |      0 |   1 |  788.0 |
               +--------+--------+--------+--------+--------+-----+--------+

Top non-repeatable levels by time:
       D: 788 daAuts
